Bruins vs Senateurs

Created - 3 février 2022 at 19:48

Goals
1 2 3 T
Bruins 2 0 1 3
Senateurs 1 0 0 1
Shots
1 2 3 T
Bruins 13 14 7 34
Senateurs 9 13 4 26

1st period

1. Senateurs , Jared McCann 7 (Jakub Voracek 27, Steven Stamkos 14) at 15:11 (PP)
2. Bruins , Sean Monahan 13 (Seth Jones 16, Anthony Mantha 12) at 15:27
3. Bruins , Anthony Mantha 12 (Andy Greene 11, Juuse Saros) at 19:08

Penalties :
Brent Burns (BOS) for Tripping (Minor) at 13:57

2nd period

No Goal

Penalties :
Trevor van Riemsdyk (OTT) for Tripping (Minor) at 0:32, Steven Stamkos (OTT) for Hooking (Minor) at 8:10

3rd period

4. Bruins , Nico Hischier 10 (Dmitry Kulikov 8, Seth Jones 17) at 13:12 (SH)

Penalties :
Casey Cizikas (BOS) for Goalie Interference (Minor) at 12:52

Goalie Stats

Juuse Saros (BOS), 25 saves from 26 shots - (0,962), W, 18-11-5, 60:00 minutes
Ilya Sorokin (OTT), 31 saves from 34 shots - (0,912), L, 12-7-1, 60:00 minutes

Players Stats for Bruins

Player Name              G  A  P  +/- PIM S  H  SB GA TA FO     MP     PP MP  PK MP  
------------------------------------------------------------------------------------
Alex Barre-Boulet        0  0  0   1  0   3  0  0  0  0  0/0    17:33   2:52   0:00 
Andy Greene              0  1  1   1  0   1  0  1  0  0  0/0    17:03   0:00   0:37 
Anthony Beauvillier      0  0  0   0  0   2  0  0  1  0  0/0    18:32   2:52   0:22 
Anthony Mantha           1  1  2   1  0   5  2  1  3  0  1/1    15:30   1:06   0:00 
Brady Tkachuk            0  0  0   0  0   5  3  1  1  0  0/2    16:09   1:06   0:00 
Brent Burns              0  0  0   1  2   1  2  0  1  1  0/0    24:16   3:11   1:04 
Casey Cizikas            0  0  0   1  2   0  2  0  2  1  0/0    12:50   0:00   0:04 
Dmitry Kulikov           0  1  1   1  0   2  1  0  0  0  0/0    19:02   0:47   1:32 
Dylan Gambrell           0  0  0   0  0   1  1  0  0  0  0/1    10:35   0:00   0:28 
Jakob Chychrun           0  0  0   1  0   0  1  0  0  1  0/0    16:26   0:00   0:00 
Joel Edmundson           0  0  0   0  0   1  0  1  0  1  0/0    18:59   0:47   1:41 
Luke Glendening          0  0  0   1  0   3  0  0  1  0  5/8    11:52   0:00   2:18 
Max Comtois              0  0  0   1  0   1  1  0  0  1  0/0    13:01   0:00   0:00 
Nico Hischier            1  0  1   2  0   5  0  1  0  0  1/4    15:33   0:00   2:20 
Paul Stastny             0  0  0   0  0   1  1  0  0  0  7/12   16:12   1:06   0:00 
Sean Monahan             1  0  1   1  0   2  4  0  1  0  12/19  17:59   2:52   0:28 
Seth Jones               0  2  2   2  0   0  3  1  2  0  0/0    24:40   3:11   1:32 
Taylor Raddysh           0  0  0   0  0   1  0  0  1  0  0/0    10:33   0:00   0:26 

Players Stats for Senateurs

Player Name              G  A  P  +/- PIM S  H  SB GA TA FO     MP     PP MP  PK MP  
------------------------------------------------------------------------------------
Alexander Kerfoot        0  0  0   0  0   2  1  0  1  0  4/7    14:40   0:00   1:45 
Artem Zub                0  0  0  -2  0   1  1  1  0  3  0/0    24:58   1:42   2:04 
Danny DeKeyser           0  0  0  -1  0   3  1  1  0  1  0/0    18:13   0:00   1:54 
Dougie Hamilton          0  0  0  -2  0   1  3  1  0  3  0/0    23:55   1:42   1:16 
Dustin Brown             0  0  0   0  0   2  2  0  0  1  0/0    15:04   0:51   0:15 
Eric Robinson            0  0  0  -2  0   1  0  0  1  0  0/0    10:20   0:00   0:00 
Erik Gustafsson          0  0  0   0  0   0  0  0  0  0  0/0    16:07   1:31   0:00 
Erik Haula               0  0  0   0  0   1  2  1  0  0  4/6    17:10   0:51   1:48 
Jake Virtanen            0  0  0   0  0   2  1  0  1  0  0/3    13:55   0:00   1:45 
Jakub Voracek            0  1  1  -1  0   0  2  0  1  2  0/1    17:56   2:22   0:00 
Jared McCann             1  0  1  -1  0   2  1  0  0  0  2/2    16:29   2:22   0:25 
Jason Zucker             0  0  0   0  0   4  0  2  0  0  0/0    11:07   0:00   0:00 
Nick Holden              0  0  0   0  0   0  1  2  0  1  0/0    17:40   0:00   2:04 
Ryan Hartman             0  0  0   0  0   4  1  0  1  1  1/1    19:31   0:51   1:58 
Steven Stamkos           0  1  1  -1  2   1  2  0  0  0  9/23   19:28   2:22   0:00 
Trevor van Riemsdyk      0  0  0  -1  2   0  1  0  0  0  0/0    18:30   1:31   0:38 
Tyler Ennis              0  0  0  -2  0   2  1  0  0  0  0/0    10:20   0:00   0:00 
Vinni Lettieri           0  0  0  -2  0   0  1  0  0  1  1/4    10:37   0:00   0:00 

3 Stars

1 - Anthony Mantha (BOS)
2 - Seth Jones (BOS)
3 - Sean Monahan (BOS)

Power Play

Bruins - 0 on 2 Attempt(s) - 0,00%
Senateurs - 1 on 2 Attempt(s) - 50,00%

Penalty Kill

Bruins - 1 on 2 Attempt(s) - 50,00% - Score 1 goal in Penalty Kill
Senateurs - 2 on 2 Attempt(s) - 100,00% - Score 0 goal in Penalty Kill

Team Stat

Bruins - Hits : 21 - Faceoff Wins : 26 - Blocked Shots : 6 - Penalty Minutes : 4
Senateurs - Hits : 21 - Faceoff Wins : 21 - Blocked Shots : 8 - Penalty Minutes : 4

Official

Referees : Brett Roeland and Brad Meier
Linesman : Tyson Baker and Robb Harrell

Game Notes

No Game Note

Finance

Level 1 -- Attendance: 5515 (91,92%) -- Ticket Income 496 350 $
Level 2 -- Attendance: 4679 (93,58%) -- Ticket Income 257 345 $
Level 3 -- Attendance: 1882 (94,10%) -- Ticket Income 62 106 $
Level 4 -- Attendance: 3747 (93,68%) -- Ticket Income 67 446 $
Luxury Box -- Attendance: 976 (97,60%) -- Ticket Income 175 680 $
Game was played at the Place Banque Scottia.
Total Attendance: 16799 (93,33%)
Total Ticket Income: 1 058 927 $
Other Income: 518 874 $
Total Income: 1 577 801 $

Bruins

5 vs 5 Forward 
   Center                   Left Wing                Right Wing               Time % Phy DF OF 
 1 Paul Stastny             Brady Tkachuk            Anthony Beauvillier      32     0   3  2  
 2 Sean Monahan             Alex Barre-Boulet        Anthony Mantha           32     0   3  2  
 3 Nico Hischier            Casey Cizikas            Max Comtois              24     0   3  2  
 4 Luke Glendening          Taylor Raddysh           Dylan Gambrell           12     0   4  1  

5 vs 5 Defense 
   Defense                  Defense                                           Time % Phy DF OF 
 1 Seth Jones               Brent Burns                                       40     0   5  0  
 2 Dmitry Kulikov           Joel Edmundson                                    30     0   5  0  
 3 Jakob Chychrun           Andy Greene                                       30     0   5  0  
 4 Seth Jones               Brent Burns                                       0      0   3  2  

PowerPlay Forward 
   Center                   Left Wing                Right Wing               Time % Phy DF OF 
 1 Paul Stastny             Brady Tkachuk            Anthony Mantha           50     0   1  4  
 2 Sean Monahan             Alex Barre-Boulet        Anthony Beauvillier      50     0   1  4  

PowerPlay Defense
   Defense                  Defense                                           Time % Phy DF OF 
 1 Brent Burns              Seth Jones                                        60     0   1  4  
 2 Dmitry Kulikov           Joel Edmundson                                    40     0   1  4  

Penalty Kill 4 Players Forward 
   Center                   Wing                     Time % Phy DF OF 
 1 Luke Glendening          Nico Hischier            60     0   4  1  
 2 Casey Cizikas            Dylan Gambrell           40     0   4  1  

Penalty Kill 4 Players Defense
   Defense                  Defense                  Time % Phy DF OF 
 1 Joel Edmundson           Brent Burns              50     0   4  1  
 2 Dmitry Kulikov           Seth Jones               50     0   4  1  

Penalty Kill - 3 Players Forward 
   Forward                                           Time % Phy DF OF 
 1 Luke Glendening                                   70     0   5  0  
 2 Casey Cizikas                                     30     0   5  0  

Penalty Kill - 3 Players Defense
   Defense                  Defense                  Time % Phy DF OF 
 1 Seth Jones               Brent Burns              70     0   5  0  
 2 Dmitry Kulikov           Joel Edmundson           30     0   5  0  

4 vs 4 Forward 
   Center                   Wing                     Time % Phy DF OF 
 1 Sean Monahan             Anthony Beauvillier      50     0   2  3  
 2 Paul Stastny             Brady Tkachuk            50     0   2  3  

4 vs 4 Defense
   Defense                  Defense                  Time % Phy DF OF 
 1 Jakob Chychrun           Brent Burns              50     0   2  3  
 2 Dmitry Kulikov           Seth Jones               50     0   2  3  

Last Minutes Offensive
   Center                   Left Wing                Right Wing               Defense                  Defense                  
   Sean Monahan             Brady Tkachuk            Anthony Beauvillier      Seth Jones               Brent Burns              

Last Minutes Defensive
   Center                   Left Wing                Right Wing               Defense                  Defense                  
   Nico Hischier            Alex Barre-Boulet        Luke Glendening          Seth Jones               Brent Burns              

Goaltenders
Starting : Juuse Saros              
Backup : Petr Mrazek              

Extra Forwards
Normal : Taylor Raddysh, Dylan Gambrell, Nico Hischier - PP : Max Comtois, Nico Hischier - PK : Taylor Raddysh
Extra Defensemen
Normal : Andy Greene, Dmitry Kulikov, Jakob Chychrun - PP : Joel Edmundson - PK : Andy Greene, Jakob Chychrun
Penalty Shots
Anthony Mantha, Sean Monahan, Brady Tkachuk, Anthony Beauvillier, Casey Cizikas
Custom OT Lines Forwards
Brady Tkachuk, Anthony Beauvillier, Paul Stastny, Anthony Mantha, Casey Cizikas, Alex Barre-Boulet, Nico Hischier, Sean Monahan, Taylor Raddysh, Max Comtois
Custom OT Lines Defensemen
Brent Burns, Seth Jones, Joel Edmundson, Jakob Chychrun, Dmitry Kulikov

Scratches
Claude Giroux (Healthy), Andrew Agozzino (Suspend)

Senateurs

5 vs 5 Forward 
   Center                   Left Wing                Right Wing               Time % Phy DF OF 
 1 Steven Stamkos           Ryan Hartman             Jakub Voracek            34     1   2  2  
 2 Erik Haula               Jared McCann             Dustin Brown             28     1   2  2  
 3 Alexander Kerfoot        Jake Virtanen            Jason Zucker             22     1   2  2  
 4 Vinni Lettieri           Tyler Ennis              Eric Robinson            16     1   2  2  

5 vs 5 Defense 
   Defense                  Defense                                           Time % Phy DF OF 
 1 Dougie Hamilton          Artem Zub                                         39     1   2  2  
 2 Danny DeKeyser           Trevor van Riemsdyk                               33     1   2  2  
 3 Nick Holden              Erik Gustafsson                                   28     1   2  2  
 4 Dougie Hamilton          Artem Zub                                         0      1   2  2  

PowerPlay Forward 
   Center                   Left Wing                Right Wing               Time % Phy DF OF 
 1 Steven Stamkos           Jakub Voracek            Jared McCann             60     1   2  2  
 2 Erik Haula               Ryan Hartman             Dustin Brown             40     1   2  2  

PowerPlay Defense
   Defense                  Defense                                           Time % Phy DF OF 
 1 Dougie Hamilton          Artem Zub                                         60     1   2  2  
 2 Erik Gustafsson          Trevor van Riemsdyk                               40     1   2  2  

Penalty Kill 4 Players Forward 
   Center                   Wing                     Time % Phy DF OF 
 1 Jake Virtanen            Alexander Kerfoot        60     1   2  2  
 2 Erik Haula               Ryan Hartman             40     1   2  2  

Penalty Kill 4 Players Defense
   Defense                  Defense                  Time % Phy DF OF 
 1 Danny DeKeyser           Trevor van Riemsdyk      60     1   2  2  
 2 Artem Zub                Nick Holden              40     1   2  2  

Penalty Kill - 3 Players Forward 
   Forward                                           Time % Phy DF OF 
 1 Jake Virtanen                                     60     1   2  2  
 2 Alexander Kerfoot                                 40     1   2  2  

Penalty Kill - 3 Players Defense
   Defense                  Defense                  Time % Phy DF OF 
 1 Danny DeKeyser           Trevor van Riemsdyk      60     1   2  2  
 2 Artem Zub                Nick Holden              40     1   2  2  

4 vs 4 Forward 
   Center                   Wing                     Time % Phy DF OF 
 1 Steven Stamkos           Dustin Brown             60     1   2  2  
 2 Erik Haula               Jakub Voracek            40     1   2  2  

4 vs 4 Defense
   Defense                  Defense                  Time % Phy DF OF 
 1 Dougie Hamilton          Artem Zub                60     1   2  2  
 2 Danny DeKeyser           Trevor van Riemsdyk      40     1   2  2  

Last Minutes Offensive
   Center                   Left Wing                Right Wing               Defense                  Defense                  
   Steven Stamkos           Dustin Brown             Jakub Voracek            Dougie Hamilton          Artem Zub                

Last Minutes Defensive
   Center                   Left Wing                Right Wing               Defense                  Defense                  
   Steven Stamkos           Dustin Brown             Jakub Voracek            Dougie Hamilton          Artem Zub                

Goaltenders
Starting : Ilya Sorokin             
Backup : Mike Smith               

Extra Forwards
Normal : Dustin Brown, Steven Stamkos, Jakub Voracek - PP : Steven Stamkos, Dustin Brown - PK : Ryan Hartman
Extra Defensemen
Normal : Dougie Hamilton, Artem Zub, Danny DeKeyser - PP : Dougie Hamilton - PK : Danny DeKeyser, Trevor van Riemsdyk
Penalty Shots
Steven Stamkos, Dustin Brown, Jakub Voracek, Erik Haula, Jared McCann
Custom OT Lines Forwards
Steven Stamkos, Dustin Brown, Jakub Voracek, Erik Haula, Jared McCann, Ryan Hartman, Alexander Kerfoot, Jason Zucker, Jake Virtanen, Tyler Ennis
Custom OT Lines Defensemen
Dougie Hamilton, Artem Zub, Danny DeKeyser, Trevor van Riemsdyk, Nick Holden

Scratches
Leo Komarov (Healthy), Tobias Bjornfot (Sprained Right Knee Injury), Devin Shore (Torn Left Knee Ligaments Injury)

% Time on Ice - Bruins

Lines # - Real PCT - Wanted PCT - Time Play
Normal Forward
1 - 29% - 32% - 15:16
2 - 29% - 32% - 15:12
3 - 24% - 24% - 12:25
4 - 19% - 12% - 9:56
Normal Defense
1 - 39% - 40% - 20:39
2 - 30% - 30% - 15:44
3 - 31% - 30% - 16:26
4 - 0% - 0% - 0:00
PP Forward
1 - 28% - 50% - 1:06
2 - 72% - 50% - 2:52
PP Defense
1 - 80% - 60% - 3:11
2 - 20% - 40% - 0:47
PK Forward
1 - 85% - 60% - 2:45
2 - 15% - 40% - 0:28
PK Defense
1 - 52% - 50% - 1:41
2 - 48% - 50% - 1:32
PK3 Forward
1 - 0% - 70%
2 - 0% - 30%
PK3 Defense
1 - 0% - 70%
2 - 0% - 30%
44 Forward
1 - 0% - 50%
2 - 0% - 50%
44 Defense
1 - 0% - 50%
2 - 0% - 50%
Last Minute Offensive  - 0:00
Last Minute Defensive  - 0:00
Total
Forward - 60:00
Defense - 60:00

% Time on Ice - Senateurs

Lines # - Real PCT - Wanted PCT - Time Play
Normal Forward
1 - 30% - 34% - 15:48
2 - 29% - 28% - 15:34
3 - 21% - 22% - 11:07
4 - 20% - 16% - 10:20
Normal Defense
1 - 35% - 39% - 18:42
2 - 34% - 33% - 17:42
3 - 28% - 28% - 14:36
4 - 3% - 0% - 1:49
PP Forward
1 - 74% - 60% - 2:22
2 - 26% - 40% - 0:51
PP Defense
1 - 53% - 60% - 1:42
2 - 47% - 40% - 1:31
PK Forward
1 - 55% - 60% - 2:10
2 - 45% - 40% - 1:48
PK Defense
1 - 48% - 60% - 1:54
2 - 52% - 40% - 2:04
PK3 Forward
1 - 0% - 60%
2 - 0% - 40%
PK3 Defense
1 - 0% - 60%
2 - 0% - 40%
44 Forward
1 - 0% - 60%
2 - 0% - 40%
44 Defense
1 - 0% - 60%
2 - 0% - 40%
Last Minute Offensive  - 0:00
Last Minute Defensive  - 0:00
Total
Forward - 60:00
Defense - 60:00

Play-by-Play

1st period


0:01 of 1st period - Steven Stamkos wins face-off versus Brady Tkachuk in neutral zone.
0:09 of 1st period - Wrist shot by Steven Stamkos.
0:09 of 1st period - Stopped by Juuse Saros with a rebound.
0:11 of 1st period - Slapshot by Artem Zub.
0:11 of 1st period - Shot Misses the Net.
0:30 of 1st period - Slapshot by Dustin Brown.
0:30 of 1st period - Deflect By Brent Burns.
0:30 of 1st period - Shot Misses the Net.
0:30 of 1st period - Puck is out of play.
0:31 of 1st period - Alexander Kerfoot wins face-off versus Sean Monahan in Bruins zone.
0:38 of 1st period - Slapshot by Jason Zucker.
0:38 of 1st period - Stopped by Juuse Saros with a rebound.
0:54 of 1st period - Snap shot by Anthony Mantha.
0:54 of 1st period - Stopped by Ilya Sorokin with a rebound.
0:58 of 1st period - Wrist shot by Sean Monahan.
0:58 of 1st period - Stopped by Ilya Sorokin without a rebound.
0:59 of 1st period - Erik Haula wins face-off versus Nico Hischier in Senateurs zone.
1:16 of 1st period - Nick Holden is hit by Casey Cizikas and loses puck.
1:39 of 1st period - Ryan Hartman is hit by Jakob Chychrun.
1:57 of 1st period - Wrist shot by Brady Tkachuk.
1:57 of 1st period - Stopped by Ilya Sorokin with a rebound.
3:56 of 1st period - Slapshot by Erik Haula.
3:56 of 1st period - Stopped by Juuse Saros without a rebound.
3:57 of 1st period - Paul Stastny wins face-off versus Steven Stamkos in Bruins zone.
4:31 of 1st period - Wrist shot by Anthony Mantha.
4:31 of 1st period - Stopped by Ilya Sorokin without a rebound.
4:32 of 1st period - Sean Monahan wins face-off versus Steven Stamkos in Senateurs zone.
4:33 of 1st period - Slapshot by Anthony Mantha.
4:33 of 1st period - Shot Misses the Net.
5:41 of 1st period - Artem Zub is hit by Sean Monahan and loses puck.
6:04 of 1st period - Dougie Hamilton is hit by Brady Tkachuk and loses puck.
6:57 of 1st period - Sean Monahan is hit by Nick Holden and loses puck.
7:24 of 1st period - Anthony Beauvillier is hit by Alexander Kerfoot and loses puck.
8:16 of 1st period - Brent Burns is hit by Ryan Hartman.
8:38 of 1st period - Jakob Chychrun is hit by Jake Virtanen and loses puck.
9:03 of 1st period - Snap shot by Eric Robinson.
9:03 of 1st period - Stopped by Juuse Saros with a rebound.
9:05 of 1st period - Snap shot by Tyler Ennis.
9:05 of 1st period - Stopped by Juuse Saros with a rebound.
9:07 of 1st period - Backhand shot by Dougie Hamilton.
9:07 of 1st period - Shot Blocked by Andy Greene.
9:09 of 1st period - Slapshot by Artem Zub.
9:09 of 1st period - Shot Misses the Net.
10:28 of 1st period - Nick Holden is hit by Sean Monahan and loses puck.
10:52 of 1st period - Andy Greene is hit by Dougie Hamilton.
11:49 of 1st period - Dmitry Kulikov is hit by Vinni Lettieri and loses puck.
12:19 of 1st period - Artem Zub is hit by Seth Jones.
13:06 of 1st period - Snap shot by Brady Tkachuk.
13:06 of 1st period - Stopped by Ilya Sorokin without a rebound.
13:07 of 1st period - Paul Stastny wins face-off versus Steven Stamkos in Senateurs zone.
13:36 of 1st period - Snap shot by Taylor Raddysh.
13:36 of 1st period - Stopped by Ilya Sorokin with a rebound.
13:38 of 1st period - Slapshot by Joel Edmundson.
13:38 of 1st period - Deflect By Luke Glendening.
13:38 of 1st period - Stopped by Ilya Sorokin without a rebound.
13:39 of 1st period - Luke Glendening wins face-off versus Alexander Kerfoot in Senateurs zone.
13:57 of 1st period - Minor Penalty to Brent Burns for Tripping.
13:58 of 1st period - Steven Stamkos wins face-off versus Luke Glendening in Bruins zone.
13:58 of 1st period - Snap shot by Jared McCann.
13:58 of 1st period - Shot Misses the Net.
14:00 of 1st period - Slapshot by Jakub Voracek.
14:00 of 1st period - Deflect By Joel Edmundson.
14:00 of 1st period - Shot Misses the Net.
14:00 of 1st period - Puck is out of play.
14:01 of 1st period - Steven Stamkos wins face-off versus Luke Glendening in Bruins zone.
14:02 of 1st period - Slapshot by Jakub Voracek.
14:02 of 1st period - Shot Blocked by Nico Hischier.
14:04 of 1st period - Wrist shot by Steven Stamkos.
14:04 of 1st period - Shot Blocked by Joel Edmundson.
14:34 of 1st period - Wrist shot by Ryan Hartman.
14:34 of 1st period - Stopped by Juuse Saros without a rebound.
14:35 of 1st period - Steven Stamkos wins face-off versus Luke Glendening in Bruins zone.
15:11 of 1st period - Wrist shot by Jared McCann.
15:11 of 1st period - Goal by Jared McCann - Bruins : 0 - Senateurs : 1.
15:12 of 1st period - Sean Monahan wins face-off versus Vinni Lettieri in neutral zone.
15:23 of 1st period - Slapshot by Anthony Mantha.
15:23 of 1st period - Shot Misses the Net.
15:27 of 1st period - Wrist shot by Sean Monahan.
15:27 of 1st period - Goal by Sean Monahan - Bruins : 1 - Senateurs : 1.
15:28 of 1st period - Paul Stastny wins face-off versus Steven Stamkos in neutral zone.
15:31 of 1st period - Ryan Hartman is hit by Brent Burns and loses puck.
15:38 of 1st period - Snap shot by Brady Tkachuk.
15:38 of 1st period - Stopped by Ilya Sorokin without a rebound.
15:39 of 1st period - Sean Monahan wins face-off versus Steven Stamkos in Senateurs zone.
16:17 of 1st period - Snap shot by Alexander Kerfoot.
16:17 of 1st period - Shot Misses the Net.
16:29 of 1st period - Jared McCann is hit by Brady Tkachuk and loses puck.
16:34 of 1st period - Wrist shot by Paul Stastny.
16:34 of 1st period - Shot Misses the Net.
16:50 of 1st period - Slapshot by Nico Hischier.
16:50 of 1st period - Stopped by Ilya Sorokin without a rebound.
16:51 of 1st period - Steven Stamkos wins face-off versus Nico Hischier in Senateurs zone.
16:55 of 1st period - Off-side.
16:56 of 1st period - Paul Stastny wins face-off versus Steven Stamkos in neutral zone.
16:59 of 1st period - Slapshot by Seth Jones.
16:59 of 1st period - Shot Blocked by Nick Holden.
17:11 of 1st period - Slapshot by Ryan Hartman.
17:11 of 1st period - Stopped by Juuse Saros with a rebound.
17:47 of 1st period - Wrist shot by Jared McCann.
17:47 of 1st period - Shot Misses the Net.
18:09 of 1st period - Andy Greene is hit by Steven Stamkos.
18:47 of 1st period - Dougie Hamilton is hit by Anthony Mantha and loses puck.
19:08 of 1st period - Snap shot by Anthony Mantha.
19:08 of 1st period - Goal by Anthony Mantha - Bruins : 2 - Senateurs : 1.
19:09 of 1st period - Steven Stamkos wins face-off versus Paul Stastny in neutral zone.
19:20 of 1st period - Wrist shot by Jakub Voracek.
19:20 of 1st period - Shot Misses the Net.
19:22 of 1st period - Slapshot by Ryan Hartman.
19:22 of 1st period - Stopped by Juuse Saros without a rebound.
19:23 of 1st period - Steven Stamkos wins face-off versus Sean Monahan in Bruins zone.
19:53 of 1st period - Wrist shot by Brady Tkachuk.
19:53 of 1st period - Stopped by Ilya Sorokin with a rebound.
19:55 of 1st period - Slapshot by Seth Jones.
19:55 of 1st period - Deflect By Brady Tkachuk.
19:55 of 1st period - Stopped by Ilya Sorokin with a rebound.
19:57 of 1st period - Slapshot by Seth Jones.
19:57 of 1st period - Shot Blocked by Danny DeKeyser.
19:59 of 1st period - Slapshot by Brent Burns.
19:59 of 1st period - Shot Misses the Net.
Goals for this period are 2 for Bruins vs 1 for Senateurs.
Shots for this period are 13 for Bruins vs 9 for Senateurs.

2nd period


0:01 of 2nd period - Sean Monahan wins face-off versus Jakub Voracek in neutral zone.
0:10 of 2nd period - Snap shot by Alex Barre-Boulet.
0:10 of 2nd period - Stopped by Ilya Sorokin without a rebound.
0:11 of 2nd period - Paul Stastny wins face-off versus Steven Stamkos in Senateurs zone.
0:32 of 2nd period - Minor Penalty to Trevor van Riemsdyk for Tripping.
0:33 of 2nd period - Anthony Mantha wins face-off versus Jake Virtanen in Senateurs zone.
1:56 of 2nd period - Snap shot by Dustin Brown.
1:56 of 2nd period - Stopped by Juuse Saros without a rebound.
1:57 of 2nd period - Jared McCann wins face-off versus Paul Stastny in Bruins zone.
2:32 of 2nd period - Penalty to Trevor van Riemsdyk is over, Trevor van Riemsdyk is back on ice.
2:44 of 2nd period - Tyler Ennis is hit by Seth Jones and loses puck.
3:03 of 2nd period - Snap shot by Nico Hischier.
3:03 of 2nd period - Stopped by Ilya Sorokin with a rebound.
3:05 of 2nd period - Snap shot by Dylan Gambrell.
3:05 of 2nd period - Stopped by Ilya Sorokin without a rebound.
3:06 of 2nd period - Ryan Hartman wins face-off versus Dylan Gambrell in Senateurs zone.
3:13 of 2nd period - Snap shot by Luke Glendening.
3:13 of 2nd period - Stopped by Ilya Sorokin with a rebound.
3:21 of 2nd period - Slapshot by Steven Stamkos.
3:21 of 2nd period - Shot Misses the Net.
4:24 of 2nd period - Wrist shot by Luke Glendening.
4:24 of 2nd period - Stopped by Ilya Sorokin with a rebound.
4:26 of 2nd period - Slapshot by Andy Greene.
4:26 of 2nd period - Deflect By Jakub Voracek.
4:26 of 2nd period - Stopped by Ilya Sorokin without a rebound.
4:27 of 2nd period - Erik Haula wins face-off versus Sean Monahan in Senateurs zone.
4:32 of 2nd period - Sean Monahan is hit by Dougie Hamilton and loses puck.
4:55 of 2nd period - Off-side.
4:56 of 2nd period - Alexander Kerfoot wins face-off versus Paul Stastny in neutral zone.
5:13 of 2nd period - Icing by Erik Gustafsson.
5:14 of 2nd period - Sean Monahan wins face-off versus Alexander Kerfoot in Senateurs zone.
5:24 of 2nd period - Wrist shot by Sean Monahan.
5:24 of 2nd period - Shot Hit the Post.
5:26 of 2nd period - Slapshot by Brent Burns.
5:26 of 2nd period - Shot Blocked by Jason Zucker.
5:28 of 2nd period - Snap shot by Anthony Mantha.
5:28 of 2nd period - Stopped by Ilya Sorokin with a rebound.
5:30 of 2nd period - Slapshot by Alex Barre-Boulet.
5:30 of 2nd period - Shot Blocked by Jason Zucker.
6:29 of 2nd period - Slapshot by Joel Edmundson.
6:29 of 2nd period - Stopped by Ilya Sorokin without a rebound.
6:30 of 2nd period - Erik Haula wins face-off versus Sean Monahan in Senateurs zone.
6:37 of 2nd period - Snap shot by Dustin Brown.
6:37 of 2nd period - Stopped by Juuse Saros without a rebound.
6:38 of 2nd period - Sean Monahan wins face-off versus Erik Haula in Bruins zone.
6:48 of 2nd period - Brent Burns is hit by Dustin Brown and loses puck.
7:27 of 2nd period - Danny DeKeyser is hit by Brent Burns and loses puck.
7:32 of 2nd period - Snap shot by Nico Hischier.
7:32 of 2nd period - Shot Misses the Net.
7:34 of 2nd period - Snap shot by Max Comtois.
7:34 of 2nd period - Stopped by Ilya Sorokin without a rebound.
7:35 of 2nd period - Sean Monahan wins face-off versus Erik Haula in Senateurs zone.
8:10 of 2nd period - Minor Penalty to Steven Stamkos for Hooking.
8:11 of 2nd period - Sean Monahan wins face-off versus Jake Virtanen in Senateurs zone.
8:13 of 2nd period - Snap shot by Anthony Beauvillier.
8:13 of 2nd period - Stopped by Ilya Sorokin with a rebound.
8:15 of 2nd period - Slapshot by Anthony Beauvillier.
8:15 of 2nd period - Stopped by Ilya Sorokin with a rebound.
8:19 of 2nd period - Wrist shot by Alex Barre-Boulet.
8:19 of 2nd period - Stopped by Ilya Sorokin without a rebound.
8:20 of 2nd period - Sean Monahan wins face-off versus Jake Virtanen in Senateurs zone.
8:43 of 2nd period - Slapshot by Brent Burns.
8:43 of 2nd period - Deflect By Alex Barre-Boulet.
8:43 of 2nd period - Stopped by Ilya Sorokin with a rebound.
10:10 of 2nd period - Penalty to Steven Stamkos is over, Steven Stamkos is back on ice.
10:35 of 2nd period - Snap shot by Alex Barre-Boulet.
10:35 of 2nd period - Shot Blocked by Nick Holden.
11:08 of 2nd period - Snap shot by Anthony Beauvillier.
11:08 of 2nd period - Shot Blocked by Erik Haula.
11:10 of 2nd period - Snap shot by Anthony Beauvillier.
11:10 of 2nd period - Shot Misses the Net.
11:28 of 2nd period - Wrist shot by Ryan Hartman.
11:28 of 2nd period - Stopped by Juuse Saros with a rebound.
11:33 of 2nd period - Icing by Sean Monahan.
11:34 of 2nd period - Alexander Kerfoot wins face-off versus Sean Monahan in Bruins zone.
11:35 of 2nd period - Snap shot by Jason Zucker.
11:35 of 2nd period - Stopped by Juuse Saros without a rebound.
11:36 of 2nd period - Alexander Kerfoot wins face-off versus Nico Hischier in Bruins zone.
11:39 of 2nd period - Snap shot by Jason Zucker.
11:39 of 2nd period - Shot Misses the Net.
11:41 of 2nd period - Slapshot by Danny DeKeyser.
11:41 of 2nd period - Stopped by Juuse Saros with a rebound.
11:43 of 2nd period - Slapshot by Danny DeKeyser.
11:43 of 2nd period - Stopped by Juuse Saros without a rebound.
11:44 of 2nd period - Nico Hischier wins face-off versus Alexander Kerfoot in Bruins zone.
11:49 of 2nd period - Slapshot by Dmitry Kulikov.
11:49 of 2nd period - Stopped by Ilya Sorokin with a rebound.
12:01 of 2nd period - Danny DeKeyser is hit by Max Comtois and loses puck.
12:36 of 2nd period - Snap shot by Alexander Kerfoot.
12:36 of 2nd period - Stopped by Juuse Saros with a rebound.
12:38 of 2nd period - Slapshot by Danny DeKeyser.
12:38 of 2nd period - Stopped by Juuse Saros without a rebound.
12:39 of 2nd period - Luke Glendening wins face-off versus Vinni Lettieri in Bruins zone.
12:57 of 2nd period - Dylan Gambrell is hit by Tyler Ennis.
15:28 of 2nd period - Nico Hischier is hit by Danny DeKeyser and loses puck.
16:06 of 2nd period - Brady Tkachuk is hit by Jakub Voracek and loses puck.
17:11 of 2nd period - Icing by Steven Stamkos.
17:12 of 2nd period - Sean Monahan wins face-off versus Steven Stamkos in Senateurs zone.
17:25 of 2nd period - Nico Hischier is hit by Dougie Hamilton and loses puck.
17:40 of 2nd period - Snap shot by Jake Virtanen.
17:40 of 2nd period - Shot Misses the Net.
17:42 of 2nd period - Backhand shot by Alexander Kerfoot.
17:42 of 2nd period - Stopped by Juuse Saros with a rebound.
17:44 of 2nd period - Wrist shot by Jake Virtanen.
17:44 of 2nd period - Stopped by Juuse Saros with a rebound.
18:00 of 2nd period - Anthony Beauvillier is hit by Erik Haula and loses puck.
18:05 of 2nd period - Wrist shot by Dustin Brown.
18:05 of 2nd period - Shot Misses the Net.
18:07 of 2nd period - Wrist shot by Jared McCann.
18:07 of 2nd period - Shot Blocked by Brady Tkachuk.
18:09 of 2nd period - Slapshot by Jared McCann.
18:09 of 2nd period - Shot Misses the Net.
18:16 of 2nd period - Icing by Paul Stastny.
18:17 of 2nd period - Paul Stastny wins face-off versus Vinni Lettieri in Bruins zone.
18:46 of 2nd period - Dylan Gambrell is hit by Artem Zub and loses puck.
18:55 of 2nd period - Snap shot by Tyler Ennis.
18:55 of 2nd period - Stopped by Juuse Saros without a rebound.
18:56 of 2nd period - Sean Monahan wins face-off versus Steven Stamkos in Bruins zone.
18:56 of 2nd period - Sean Monahan is hit by Jakub Voracek.
19:31 of 2nd period - Snap shot by Jared McCann.
19:31 of 2nd period - Stopped by Juuse Saros with a rebound.
19:47 of 2nd period - Slapshot by Erik Gustafsson.
19:47 of 2nd period - Deflect By Jason Zucker.
19:47 of 2nd period - Stopped by Juuse Saros without a rebound.
19:48 of 2nd period - Paul Stastny wins face-off versus Steven Stamkos in Bruins zone.
Goals for this period are 0 for Bruins vs 0 for Senateurs.
Shots for this period are 14 for Bruins vs 13 for Senateurs.

3rd period


0:01 of 3rd period - Steven Stamkos wins face-off versus Brady Tkachuk in neutral zone.
0:14 of 3rd period - Snap shot by Paul Stastny.
0:14 of 3rd period - Stopped by Ilya Sorokin without a rebound.
0:15 of 3rd period - Jared McCann wins face-off versus Sean Monahan in Senateurs zone.
0:15 of 3rd period - Jared McCann is hit by Seth Jones.
1:07 of 3rd period - Slapshot by Dougie Hamilton.
1:07 of 3rd period - Shot Misses the Net.
1:09 of 3rd period - Slapshot by Artem Zub.
1:09 of 3rd period - Deflect By Nico Hischier.
1:09 of 3rd period - Stopped by Juuse Saros with a rebound.
1:11 of 3rd period - Slapshot by Dougie Hamilton.
1:11 of 3rd period - Deflect By Jake Virtanen.
1:11 of 3rd period - Shot Misses the Net.
1:11 of 3rd period - Puck is out of play.
1:12 of 3rd period - Erik Haula wins face-off versus Paul Stastny in Bruins zone.
1:44 of 3rd period - Snap shot by Sean Monahan.
1:44 of 3rd period - Shot Misses the Net.
4:15 of 3rd period - Wrist shot by Nico Hischier.
4:15 of 3rd period - Stopped by Ilya Sorokin with a rebound.
4:17 of 3rd period - Slapshot by Nico Hischier.
4:17 of 3rd period - Shot Misses the Net.
4:19 of 3rd period - Snap shot by Nico Hischier.
4:19 of 3rd period - Stopped by Ilya Sorokin without a rebound.
4:20 of 3rd period - Steven Stamkos wins face-off versus Paul Stastny in Senateurs zone.
4:45 of 3rd period - Jared McCann is hit by Sean Monahan and loses puck.
4:52 of 3rd period - Slapshot by Dougie Hamilton.
4:52 of 3rd period - Deflect By Seth Jones.
4:52 of 3rd period - Stopped by Juuse Saros without a rebound.
4:53 of 3rd period - Sean Monahan wins face-off versus Steven Stamkos in Bruins zone.
5:20 of 3rd period - Alexander Kerfoot is hit by Paul Stastny and loses puck.
6:04 of 3rd period - Snap shot by Jakub Voracek.
6:04 of 3rd period - Shot Misses the Net.
6:26 of 3rd period - Snap shot by Anthony Mantha.
6:26 of 3rd period - Stopped by Ilya Sorokin without a rebound.
6:27 of 3rd period - Vinni Lettieri wins face-off versus Sean Monahan in Senateurs zone.
7:40 of 3rd period - Wrist shot by Dustin Brown.
7:40 of 3rd period - Shot Blocked by Anthony Mantha.
8:00 of 3rd period - Backhand shot by Luke Glendening.
8:00 of 3rd period - Shot Blocked by Dougie Hamilton.
8:02 of 3rd period - Slapshot by Dmitry Kulikov.
8:02 of 3rd period - Stopped by Ilya Sorokin with a rebound.
8:48 of 3rd period - Slapshot by Erik Gustafsson.
8:48 of 3rd period - Shot Misses the Net.
8:59 of 3rd period - Slapshot by Brent Burns.
8:59 of 3rd period - Stopped by Ilya Sorokin with a rebound.
9:15 of 3rd period - Snap shot by Jason Zucker.
9:15 of 3rd period - Stopped by Juuse Saros with a rebound.
9:17 of 3rd period - Slapshot by Jake Virtanen.
9:17 of 3rd period - Stopped by Juuse Saros with a rebound.
9:19 of 3rd period - Slapshot by Erik Gustafsson.
9:19 of 3rd period - Shot Blocked by Seth Jones.
9:39 of 3rd period - Snap shot by Steven Stamkos.
9:39 of 3rd period - Shot Misses the Net.
9:41 of 3rd period - Wrist shot by Ryan Hartman.
9:41 of 3rd period - Shot Misses the Net.
11:12 of 3rd period - Andy Greene is hit by Trevor van Riemsdyk.
11:35 of 3rd period - Vinni Lettieri is hit by Anthony Mantha and loses puck.
12:01 of 3rd period - Wrist shot by Taylor Raddysh.
12:01 of 3rd period - Shot Blocked by Artem Zub.
12:18 of 3rd period - Anthony Beauvillier is hit by Steven Stamkos and loses puck.
12:31 of 3rd period - Erik Haula is hit by Casey Cizikas and loses puck.
12:38 of 3rd period - Seth Jones is hit by Erik Haula and loses puck.
12:52 of 3rd period - Minor Penalty to Casey Cizikas for Goalie Interference.
12:53 of 3rd period - Luke Glendening wins face-off versus Steven Stamkos in Bruins zone.
13:06 of 3rd period - Off-side.
13:07 of 3rd period - Luke Glendening wins face-off versus Steven Stamkos in neutral zone.
13:10 of 3rd period - Slapshot by Seth Jones.
13:10 of 3rd period - Shot Misses the Net.
13:12 of 3rd period - Slapshot by Dmitry Kulikov.
13:12 of 3rd period - Deflect By Nico Hischier.
13:12 of 3rd period - Goal by Nico Hischier - Bruins : 3 - Senateurs : 1.
13:13 of 3rd period - Luke Glendening wins face-off versus Steven Stamkos in neutral zone.
13:38 of 3rd period - Artem Zub is hit by Dmitry Kulikov and loses puck.
14:52 of 3rd period - Penalty to Casey Cizikas is over, Casey Cizikas is back on ice.
15:06 of 3rd period - Jake Virtanen is hit by Brady Tkachuk and loses puck.
15:32 of 3rd period - Wrist shot by Tyler Ennis.
15:32 of 3rd period - Shot Misses the Net.
15:54 of 3rd period - Seth Jones is hit by Dustin Brown and loses puck.
16:33 of 3rd period - Jakub Voracek is hit by Sean Monahan and loses puck.
17:20 of 3rd period - Max Comtois is hit by Jared McCann and loses puck.
19:32 of 3rd period - Vinni Lettieri is hit by Dylan Gambrell and loses puck.
19:39 of 3rd period - Wrist shot by Nico Hischier.
19:39 of 3rd period - Shot Misses the Net.
Goals for this period are 1 for Bruins vs 0 for Senateurs.
Shots for this period are 7 for Bruins vs 4 for Senateurs.